 Dungeon Crawl Stone Soup version 0.13-a0-1577-g2bae144 (webtiles) character file.

193 Kae the Firebug (level 4, -1/34 HPs)
             Began as a Djinni Fire Elementalist on June 12, 2013.
             Killed from afar by Sigmund (9 damage)
             ... with a magic dart
             ... on Level 3 of the Dungeon.
             The game lasted 00:04:20 (2654 turns).

Kae the Firebug (Djinni Fire Elementalist)          Turns: 2654, Time: 00:04:20

HP  -1/34        AC  3     Str  8      XL: 4   Next: 70%
MP   0/0         EV 12     Int 16      God:
Gold 77          SH  0     Dex 14      Spells:  2 memorised,  2 levels left

Res.Fire  : + + +   See Invis. : .   l - -1,+0 short sword (curse)
Res.Cold  : x . .   Warding    : .   a - +0 robe
Life Prot.: + + +   Conserve   : .   (no shield)
Res.Poison: .       Res.Corr.  : .   m - +0 wizard hat
Res.Elec. : .       Clarity    : .   i - +0 elf cloak
Sust.Abil.: . .     Spirit.Shd : .   (no gloves)
Res.Mut.  : .       Stasis     : .   (boots unavailable)
Res.Rott. : .       Flight     : .   (no amulet)
Saprovore : . . .                    (no ring)
                                     (no ring)

@: slightly resistant to hostile enchantments, fairly stealthy
A: no striking features
a: no special abilities


You were on level 3 of the Dungeon.
You were not hungry.

You visited 1 branch of the dungeon, and saw 3 of its levels.

You collected 57 gold pieces.

Inventory:

Hand weapons
 l - a cursed -1,+0 short sword (weapon)
Armour
 a - a +0 robe (worn)
 i - a +0 elven cloak (worn)
 m - a +0 wizard hat (worn)
Scrolls
 c - a scroll of teleportation {unknown}
 d - a scroll of fog {unknown}
 e - 3 scrolls of enchant armour {unknown}
 f - 2 scrolls of amnesia {unknown}
 h - 4 scrolls of identify {unknown}
 n - a scroll of fear {unknown}
 o - a scroll of curse jewellery {unknown}
Jewellery
 j - an uncursed ring of ice
 k - an uncursed ring of protection from magic {unknown}
Potions
 g - a potion of resistance {unknown}
 p - a potion of berserk rage {unknown}
Books
 b - a book of Flames

   Spells                             Type                      Level
   *Flame Tongue                      Conjuration/Fire             1
   *Throw Flame                       Conjuration/Fire             2
   Conjure Flame                      Conjuration/Fire             3
   Inner Flame                        Hexes/Fire                   3
   Sticky Flame                       Conjuration/Fire             4
   Fireball                           Conjuration/Fire             5


   Skills:
 + Level 1.5 Fighting
 - Level 1.7 Dodging
 - Level 1.5 Stealth
 - Level 1.4 Spellcasting
 * Level 2.9 Conjurations
 * Level 5.7 Fire Magic


You had 2 spell levels left.
You knew the following spells:

 Your Spells              Type           Power        Failure   Level  Hunger
a - Flame Tongue          Conj/Fire      ##...        4%          1    ##.....
b - Throw Flame           Conj/Fire      ##....       8%          2    ###....


Dungeon Overview and Level Annotations

Branches:
Dungeon (3/27)

Altars:

Annotations
D:3 Sigmund


Message History

Aiming: Flame Tongue
Press: ? - help, Shift-Dir - straight line The flame hits something.
It hits you!
Casting: Flame Tongue
Confirm with . or Enter, or press ? or * to list all spells.
Aiming: Flame Tongue
Press: ? - help, Shift-Dir - straight line The flame hits something.
It hits you but does no damage.
Casting: Flame Tongue
Confirm with . or Enter, or press ? or * to list all spells.
Aiming: Flame Tongue
Press: ? - help, Shift-Dir - straight line The flame hits something.
Casting: Flame Tongue
Confirm with . or Enter, or press ? or * to list all spells.
Aiming: Flame Tongue
Press: ? - help, Shift-Dir - straight line You hear some strange, mumbled words.
The magic dart hits you!
You die...

#<..# #<......# #.###
#...>..)# #.# #.......#
#.#######.......#
#.#.......##.##.#
#.#.####..##.##.# #
..#.####........#####.##
###.##......###.#......##
#.##[#........@.........
#.#...(())(..(#.###..##
#.....)..####.#.#..
###...##.####.#.#.# #
#####.#.##.#....#.#.##.#
#...............#......#
#.###...........###.####
#.###.#.#.......# #.#
#.##....#.......# #.###


There were no monsters in sight!

Vanquished Creatures
  Jessica (D:2)
  Terence (D:2)
  4 adders (D:2)
  2 giant geckos
  5 orcs
  2 giant cockroaches
  6 hobgoblins
  A quokka (D:3)
  A ball python (D:1)
  6 bats
  2 giant newts (D:2)
  6 goblins
  2 jackals (D:1)
  4 kobolds
  5 rats
48 creatures vanquished.

Notes
Turn   | Place    | Note
--------------------------------------------------------------
     0 | D:1      | Kae, the Djinni Fire Elementalist, began the quest for the Orb.
     0 | D:1      | Reached XP level 1. HP: 14/14 MP: 0/0
   256 | D:1      | Reached XP level 2. EP: 18/21
   382 | D:1      | Learned a level 2 spell: Throw Flame
  1152 | D:2      | Noticed Jessica
  1161 | D:2      | Killed Jessica
  1161 | D:2      | Reached XP level 3. EP: 6/27
  1318 | D:2      | Reached skill level 5 in Fire Magic
  1368 | D:2      | Reached skill level 1 in Fighting
  1401 | D:2      | Noticed Terence
  1459 | D:2      | Killed Terence
  1459 | D:2      | Reached XP level 4. EP: 3/34
  2200 | D:3      | Noticed Sigmund
  2210 | D:3      | HP: 1/34 [Sigmund/magic dart (5)]
  2436 | D:3      | HP: 1/34 [poisoned by a kobold]
  2654 | D:3      | Killed from afar by Sigmund

Action                   |  1- 3 |  4- 6 || total
-------------------------+-------+-------++-------
Melee: Unarmed           |     2 |       ||     2
       Short sword       |       |    20 ||    20
 Cast: Flame Tongue      |    56 |    50 ||   106
  Use: Potion            |       |     1 ||     1
 Stab: Distracted        |       |     1 ||     1
